[Event "Titled Tuesday Blitz January 31 Early 2023"]
[White "Narayanan.S.L"]
[Black "Grigoriants, Sergey"]
[WhiteFideId "5058422"]
[BlackFideId "4130804"]
[WhiteElo "2660"]
[BlackElo "2562"]
[Result "1-0"]
[Round "05"]
[TimeControl "180+2"]
[Date "2023.01.31"]
[WhiteClock "0:00:24"]
[BlackClock "0:00:04"]

1. e4 e5 2. Nf3 Nc6 3. Bc4 Bc5 4. c3 Nf6 5. d3 d6 6. O-O O-O 7. Re1 h6 8. Nbd2 a5 9. Nf1 Be6 10. Bb5 Ba7 11. Bxc6 bxc6 12. Ng3 Re8 13. h3 Qb8 14. Nh4 Kh7 15. Qf3 Ng8 16. Nhf5 g6 17. Ne3 Qd8 18. Rd1 Qf6 19. Qe2 h5 20. b3 d5 21. Bb2 Qg5 22. Qf3 Qf4 23. Qe2 a4 24. c4 Bxe3 25. Qxe3 Qxe3 26. fxe3 h4 27. exd5 cxd5 28. Ne2 f6 29. cxd5 Bxd5 30. Nc3 Bc6 31. bxa4 Bxa4 32. Rdc1 Bc6 33. Ne2 Ra6 34. a4 Rea8 35. a5 Ne7 36. Rc5 Kg7 37. d4 exd4 38. Nxd4 Kf7 39. Bc3 R8a7 40. Rc1 Be4 41. Be1 Nd5 42. Nb5 Rb7 43. Nxc7 Rxc7 44. Rxc7+ Nxc7 45. Rxc7+ Ke6 46. Bc3 g5 47. Rc4 Kf5 48. Kf2 Rc6 49. Rxc6 Bxc6 50. a6 Ke6 51. a7 f5 52. Ba5 Kf6 53. Bd8+ Kg6 54. Be7 Bb7 55. g3 hxg3+ 56. Kxg3 Kh5 57. Bd8 Ba8 58. h4 gxh4+ 59. Bxh4 Kg6 60. Kf4 Bb7 61. Ke5 Kf7 62. Kd6 Ba8 63. Kc7 Ke6 64. Bg5 1-0


[Site "https://www.chess.com"]

[Event "Titled Tuesday Blitz January 31 Early 2023"]
[White "Chigaev, Maksim"]
[Black "Urazayev, Arystanbek"]
[WhiteFideId "4108116"]
[BlackFideId "13709810"]
[WhiteElo "2628"]
[BlackElo "2460"]
[Result "1-0"]
[Round "05"]
[TimeControl "180+2"]
[Date "2023.01.31"]
[WhiteClock "0:00:46"]
[BlackClock "0:00:12"]

1. e4 e5 2. Bc4 Nf6 3. d3 Nc6 4. Nf3 Bc5 5. c3 d6 6. Bg5 a5 7. Nbd2 h6 8. Bh4 Ba7 9. Qe2 Qe7 10. O-O-O Be6 11. Kb1 Bxc4 12. Nxc4 g5 13. Bg3 b5 14. Ne3 Qd7 15. d4 Nxe4 16. dxe5 Bxe3 17. Qxe3 Qf5 18. exd6 O-O 19. Ka1 cxd6 20. h4 Nxg3 21. fxg3 Rfe8 22. Qb6 Qc5 23. Qxc5 dxc5 24. hxg5 hxg5 25. Rd5 g4 26. Rg5+ Kf8 27. Rxg4 Ke7 28. Kb1 Rg8 29. Re1+ Kd6 30. Rf4 Rxg3 31. Rxf7 Rxg2 32. Rd1+ Ke6 33. Rc7 Ra6 34. Nd2 Ne5 35. Ne4 Rc6 36. Nxc5+ Kf5 37. Rxc6 1-0


[Site "https://www.chess.com"]

[Event "Titled Tuesday Blitz January 31 Early 2023"]
[White "Rasulov, Vugar"]
[Black "Boros, Denes"]
[WhiteFideId "13402390"]
[BlackFideId "722340"]
[WhiteElo "2523"]
[BlackElo "2406"]
[Result "1-0"]
[Round "05"]
[TimeControl "180+2"]
[Date "2023.01.31"]
[WhiteClock "0:00:37"]
[BlackClock "0:00:31"]

1. Nf3 d5 2. c4 e6 3. g3 c5 4. Bg2 Nc6 5. O-O Nf6 6. cxd5 exd5 7. d4 h6 8. Nc3 a6 9. Bf4 Be6 10. Rc1 Rc8 11. dxc5 Bxc5 12. Na4 Be7 13. Nc5 Bxc5 14. Rxc5 O-O 15. a3 Qb6 16. Rc2 d4 17. Bd6 Bb3 18. Bxf8 Bxc2 19. Qxc2 Rxf8 20. Rd1 Re8 21. b4 a5 22. bxa5 Qxa5 23. Nxd4 Qxa3 24. Nb5 Qa6 25. Rb1 Rd8 26. e3 Qa5 27. h3 Nb4 28. Qc7 Qxc7 29. Nxc7 Nc6 30. Rxb7 Rd1+ 31. Kh2 Ne5 32. g4 g5 33. Rb5 Ng6 34. Nd5 Nd7 35. Nc3 Nf6 36. Nxd1 Ne8 37. Nc3 Nf6 38. Nd5 Kg7 39. Nxf6 Kh8 40. Rb7 Kg7 41. Ne8+ Kh8 42. Nd6 Kg7 43. Rxf7+ Kh8 44. Be4 1-0


[Site "https://www.chess.com"]

[Event "Titled Tuesday Blitz January 31 Early 2023"]
[White "Tactrics"]
[Black "Zierk, Steven"]
[BlackFideId "2034255"]
[WhiteElo "2800"]
[BlackElo "2488"]
[Result "1-0"]
[Round "05"]
[TimeControl "180+2"]
[Date "2023.01.31"]
[WhiteClock "0:00:20"]
[BlackClock "0:00:01"]

1. e4 e6 2. f4 d5 3. e5 c5 4. Nf3 Nc6 5. c3 d4 6. Na3 Nge7 7. Nc2 Nf5 8. Bd3 Be7 9. O-O dxc3 10. dxc3 Qc7 11. Qe2 b6 12. Ne3 Nxe3 13. Bxe3 Bb7 14. Rad1 O-O-O 15. Ba6 Rxd1 16. Rxd1 Rd8 17. Bxb7+ Kxb7 18. Kf2 a6 19. c4 f5 20. b3 a5 21. Rd2 Rxd2 22. Qxd2 Qc8 23. a4 Qe8 24. h3 h6 25. g4 Kc7 26. Kg3 fxg4 27. hxg4 Qg6 28. Ne1 h5 29. g5 Qe4 30. Qd3 Qh1 31. Nf3 Bd8 32. Qd6+ Kb7 33. Qxe6 Qd1 34. Qf7+ Ne7 35. f5 Kb8 36. f6 Nf5+ 37. Kf4 Qd3 38. Qd5 Qxd5 39. cxd5 g6 40. Bf2 Kc8 41. Nh4 Nxh4 42. Bxh4 Kd7 43. Ke4 Bc7 44. Bg3 Ke8 45. d6 1-0


[Site "https://www.chess.com"]

[Event "Titled Tuesday Blitz January 31 Early 2023"]
[White "Acor, Corey"]
[Black "Svidler, Peter"]
[WhiteFideId "2024861"]
[BlackFideId "4102142"]
[WhiteElo "2216"]
[BlackElo "2683"]
[Result "0-1"]
[Round "05"]
[TimeControl "180+2"]
[Date "2023.01.31"]
[WhiteClock "0:00:01"]
[BlackClock "0:00:30"]

1. e4 c5 2. Nc3 a6 3. g3 b5 4. Bg2 Bb7 5. d3 g6 6. Be3 d6 7. f4 Bg7 8. Nf3 Nd7 9. O-O b4 10. Na4 Bc6 11. b3 Ngf6 12. h3 Kf8 13. g4 Bxa4 14. bxa4 Nb6 15. c4 Nfd7 16. Rb1 e6 17. f5 Kg8 18. a5 Nc8 19. fxe6 fxe6 20. Ng5 Nf8 21. Nf7 Qe7 22. Nxh8 Kxh8 23. e5 Rb8 24. exd6 Qxd6 25. Bf4 Qd4+ 26. Kh1 Nd6 27. Qe2 Rd8 28. Rbe1 Kg8 29. Bg5 Rd7 30. Qf3 Rf7 31. Qc6 Qxd3 32. Qxc5 Ne4 33. Rxe4 Rxf1+ 34. Kh2 Ra1 35. Qe3 Qd1 36. Qe2 Qg1+ 37. Kg3 Qb1 38. Be3 Rxa2 39. Qf3 b3 40. Bc5 Qc2 41. Re2 Qxe2 0-1


[Site "https://www.chess.com"]

[Event "Titled Tuesday Blitz January 31 Early 2023"]
[White "Drygalov, Sergey"]
[Black "Biastoch, Bennet"]
[WhiteFideId "24171743"]
[BlackFideId "12939889"]
[WhiteElo "2547"]
[BlackElo "2257"]
[Result "1-0"]
[Round "05"]
[TimeControl "180+2"]
[Date "2023.01.31"]
[WhiteClock "0:00:45"]
[BlackClock "0:00:17"]

1. d4 d5 2. c4 e6 3. Nc3 Nf6 4. cxd5 exd5 5. Bg5 c6 6. e3 Be7 7. Bd3 O-O 8. Qc2 h6 9. Bh4 Nbd7 10. Nf3 Re8 11. O-O Nf8 12. h3 Bd7 13. Ne5 Rc8 14. f4 c5 15. Qd2 cxd4 16. exd4 Bc6 17. Bxf6 Bxf6 18. Kh1 Ne6 19. Bf5 Rc7 20. Bc2 Rce7 21. Qd3 Nf8 22. Rae1 g6 23. Re3 Qd6 24. Rfe1 a6 25. a3 Bd7 26. Bb3 Bc6 27. Bc2 Bd7 28. Qd1 b5 29. Bb3 Be6 30. Qf3 b4 31. Nxd5 Bxd5 32. Bxd5 Kg7 33. Rd1 bxa3 34. bxa3 Rd8 35. Ba2 Bxe5 36. fxe5 Qd7 37. Qf6+ Kh7 38. d5 Kg8 39. Bb3 a5 40. e6 fxe6 41. dxe6 Qxd1+ 42. Bxd1 Rxd1+ 43. Kh2 Re8 44. e7 Nd7 45. Qxg6+ 1-0


[Site "https://www.chess.com"]

[Event "Titled Tuesday Blitz January 31 Early 2023"]
[White "Nouri, Alekhine"]
[Black "Duda, Jan-Krzysztof"]
[WhiteFideId "5216184"]
[BlackFideId "1170546"]
[WhiteElo "2257"]
[BlackElo "2724"]
[Result "0-1"]
[Round "05"]
[TimeControl "180+2"]
[Date "2023.01.31"]
[WhiteClock "0:00:01"]
[BlackClock "0:00:29"]

1. e4 d6 2. d4 Nc6 3. Nc3 e5 4. Nge2 g6 5. Be3 Bg7 6. f3 Nge7 7. Qd2 f5 8. O-O-O O-O 9. h4 fxe4 10. fxe4 Bg4 11. d5 Nd4 12. Re1 c5 13. dxc6 Nexc6 14. Nd5 Rc8 15. c3 Qe8 16. Kb1 Ne6 17. Ng3 h5 18. Bc4 Kh7 19. Bb3 Na5 20. Rhf1 Qc6 21. Ne7 Nxb3 22. axb3 Qb5 23. Rxf8 Rxf8 24. Qd5 Qa6 25. b4 Re8 26. Nef5 gxf5 27. exf5 Nd4 28. cxd4 exd4 29. f6 Qd3+ 30. Ka1 Qg6 31. fxg7 dxe3 32. g8=Q+ Qxg8 33. Qxd6 Qc4 34. Qf6 e2 35. Nf5 Qa6+ 36. Qxa6 bxa6 37. Nd4 Rd8 38. Nc2 Rd2 0-1


[Site "https://www.chess.com"]

[Event "Titled Tuesday Blitz January 31 Early 2023"]
[White "Sarana, Alexey"]
[Black "Koelle, Tobias"]
[WhiteFideId "24133795"]
[BlackFideId "16207378"]
[WhiteElo "2685"]
[BlackElo "2432"]
[Result "1-0"]
[Round "05"]
[TimeControl "180+2"]
[Date "2023.01.31"]
[WhiteClock "0:01:00"]
[BlackClock "0:01:07"]

1. c4 g6 2. d4 Bg7 3. e4 d6 4. Nc3 e5 5. Nf3 Nc6 6. d5 Nce7 7. Be3 f5 8. Bd3 Nf6 9. Qc2 O-O 10. h3 a6 11. Ng5 c6 12. O-O-O cxd5 13. cxd5 b5 14. a3 Kh8 15. Kb1 fxe4 16. Bxe4 Nxe4 17. Ncxe4 Nf5 18. g4 Nxe3 19. fxe3 Qe7 20. Ne6 Bxe6 21. dxe6 Rad8 22. Qb3 Rfe8 23. Rhf1 Qxe6 24. Qxe6 Rxe6 25. Ng5 Ree8 26. Nf7+ Kg8 27. Nxd8 Rxd8 28. Rd5 Bf8 29. e4 Be7 30. Rc1 Kf7 31. Rc6 Ra8 32. a4 bxa4 33. Ra5 Ke6 34. Rcxa6 Rf8 35. Rxa4 Rf3 36. Ra3 Rf1+ 37. Ka2 Re1 38. R6a4 Bg5 39. Rd3 Be3 40. b4 Bd4 41. b5 Ra1+ 42. Kb3 Rb1+ 43. Kc4 Rc1+ 44. Kb4 Bb6 45. Ra6 Rb1+ 46. Kc4 Rc1+ 47. Rc3 1-0


[Site "https://www.chess.com"]

[Event "Titled Tuesday Blitz January 31 Early 2023"]
[White "Martinez Alcantara, Jose Eduardo"]
[Black "Kukhmazov, Arsen"]
[WhiteFideId "3805662"]
[BlackFideId "24108260"]
[WhiteElo "2619"]
[BlackElo "2512"]
[Result "1-0"]
[Round "05"]
[TimeControl "180+2"]
[Date "2023.01.31"]
[WhiteClock "0:00:16"]
[BlackClock "0:00:02"]

1. e4 c6 2. d4 d5 3. e5 Bf5 4. h4 Qb6 5. Nc3 h5 6. Nf3 e6 7. Bd3 Bxd3 8. Qxd3 c5 9. Ne2 Nc6 10. c3 Nge7 11. O-O Nf5 12. Ng3 g6 13. Bg5 Be7 14. Bxe7 Ncxe7 15. Ne2 Nc6 16. Qd2 O-O-O 17. Rab1 Kb8 18. Rfd1 Rc8 19. b4 cxd4 20. cxd4 Nce7 21. g3 Rc4 22. b5 Qc7 23. Rb2 Nc8 24. Qg5 Rc2 25. Rxc2 Qxc2 26. Qd2 Qxd2 27. Rxd2 Nb6 28. Ng5 Nh6 29. Rd3 Rc8 30. Rf3 Rc7 31. Rc3 Nc4 32. Kg2 Kc8 33. Kh3 Kd8 34. f3 Ke7 35. g4 hxg4+ 36. fxg4 Rc8 37. a4 Rf8 38. Nf4 b6 39. Ngxe6 fxe6 40. Nxg6+ Kf7 41. Nxf8 Kxf8 42. Rf3+ Ke7 43. h5 Nd2 44. Rc3 Nf7 45. Rc7+ Kf8 46. Rxa7 Nf3 47. a5 bxa5 48. b6 Nd8 49. h6 Kg8 50. Ra8 1-0


[Site "https://www.chess.com"]

[Event "Titled Tuesday Blitz January 31 Early 2023"]
[White "Pranav, V"]
[Black "Postny, Evgeny"]
[WhiteFideId "25060783"]
[BlackFideId "2804344"]
[WhiteElo "2597"]
[BlackElo "2549"]
[Result "1/2-1/2"]
[Round "05"]
[TimeControl "180+2"]
[Date "2023.01.31"]
[WhiteClock "0:00:12"]
[BlackClock "0:00:03"]

1. e4 e6 2. d3 d5 3. Nd2 c5 4. Ngf3 Nc6 5. g3 Bd6 6. Bg2 Nge7 7. O-O O-O 8. Re1 b6 9. Nf1 Bb7 10. h4 dxe4 11. dxe4 Bc7 12. Bd2 Nd4 13. h5 h6 14. Nxd4 cxd4 15. Qg4 Kh8 16. Rad1 e5 17. c3 Nc6 18. cxd4 Nxd4 19. Ne3 Qc8 20. Nf5 Nxf5 21. exf5 Bxg2 22. Kxg2 Bd8 23. Bb4 Re8 24. Rc1 Qb7+ 25. Qe4 Qxe4+ 26. Rxe4 Be7 27. Rc7 Bxb4 28. Rxb4 f6 29. Rg4 Rg8 30. Kf3 Kh7 31. Ke2 a5 32. Rb7 Rac8 33. Rxb6 Rc2+ 34. Kf3 Rd2 35. Rb7 Rc2 36. Ke3 Rc1 37. Ra4 Re1+ 38. Kf3 Rh1 39. Kg4 Ra8 40. b4 Rf1 41. f3 Rd8 42. bxa5 Rg1 43. a6 Rd2 44. f4 Rd3 45. fxe5 Rgxg3+ 46. Kf4 Rgf3+ 47. Kg4 Rg3+ 48. Kh4 Rh3+ 49. Kg4 Rhg3+ 1/2-1/2


[Site "https://www.chess.com"]

[Event "Titled Tuesday Blitz January 31 Early 2023"]
[White "Talibov, Shiroghlan"]
[Black "Jobava, Baadur"]
[WhiteFideId "13429078"]
[BlackFideId "13601520"]
[WhiteElo "2359"]
[BlackElo "2578"]
[Result "0-1"]
[Round "05"]
[TimeControl "180+2"]
[Date "2023.01.31"]
[WhiteClock "0:00:01"]
[BlackClock "0:00:08"]

1. e4 d6 2. d4 Nf6 3. Nc3 e5 4. Nf3 Nbd7 5. Be3 Be7 6. Bc4 O-O 7. O-O c6 8. a4 h6 9. h3 Re8 10. Re1 Qc7 11. Qd2 Bf8 12. dxe5 dxe5 13. Rad1 a5 14. Nh4 Nc5 15. f3 Be6 16. Bxe6 Nxe6 17. Nf5 Rad8 18. Qf2 h5 19. Bb6 Qxb6 20. Qxb6 Bc5+ 21. Qxc5 Nxc5 22. Nd6 Re7 23. Nc4 Ra8 24. Nb6 Ra6 25. Rd8+ Kh7 26. Nc4 h4 27. Red1 Ne6 28. Rb8 Nf4 29. Rdd8 Kg6 30. Kf2 Ra7 31. Nd6 Rc7 32. Nf5 Kg5 33. Ne3 Ne6 34. Rh8 Rd7 35. Ke1 Nf4 36. Ne2 Nxe2 37. Kxe2 Nh5 38. Rhd8 Nf4+ 39. Ke1 Rxd8 40. Rxd8 b5 41. axb5 cxb5 42. Rb8 b4 43. Rb5 f6 44. Kf2 Rd7 45. Ke1 Ra7 46. Kf2 g6 47. Ke1 Ne6 48. Rb6 Nd4 49. Kd2 Rc7 50. c3 Nb3+ 51. Kc2 Nc5 52. Nd5 Rc8 53. Nxf6 b3+ 54. Kb1 a4 55. Nd5 Nd3 56. Rb5 Ne1 57. Rb6 Nxg2 0-1


[Site "https://www.chess.com"]

[Event "Titled Tuesday Blitz January 31 Early 2023"]
[White "Le, Tuan Minh"]
[Black "Cherniaiev, Tykhon"]
[WhiteFideId "12401153"]
[BlackFideId "14182360"]
[WhiteElo "2542"]
[BlackElo "2330"]
[Result "1-0"]
[Round "05"]
[TimeControl "180+2"]
[Date "2023.01.31"]
[WhiteClock "0:00:10"]
[BlackClock "0:00:01"]

1. d4 Nf6 2. Nf3 e6 3. Bf4 c5 4. c3 Nc6 5. e3 Be7 6. Nbd2 O-O 7. Bd3 d5 8. Ne5 Qb6 9. Rb1 c4 10. Bc2 Rd8 11. O-O Bd6 12. Ndxc4 dxc4 13. Nxc4 Qc7 14. Nxd6 Rxd6 15. Qf3 Qe7 16. Bxd6 Qxd6 17. Qg3 Qe7 18. Rbd1 Bd7 19. e4 e5 20. dxe5 Nxe5 21. f4 Nc4 22. Rd4 Bb5 23. e5 Nh5 24. Qd3 g6 25. Rxc4 Rd8 26. Qe4 Bxc4 27. Qxc4 Rd2 28. Bb3 Kg7 29. f5 Qxe5 30. Qxf7+ Kh6 31. Qf8+ Kg5 32. fxg6 Qe4 33. Qf3 Qxf3 34. Rxf3 hxg6 35. g3 Rxb2 36. Rf7 Nf6 37. h4+ Kf5 38. g4+ Ke5 39. g5 Ne4 40. Rxb7 Nxc3 41. h5 Ne2+ 42. Kf2 Nf4+ 43. Ke3 Nxh5 44. Rxa7 Kf5 45. Ra5+ Kg4 46. Rb5 Kh4 47. a4 Ng3 48. a5 Nf5+ 49. Kd3 Nd6 50. Rb4+ Kxg5 51. a6 Nc8 52. Rb5+ Kf6 53. Rb8 Na7 54. Rb6+ Ke5 55. Kc3 Rb1 56. Rb7 Nc6 57. Rb6 Kd6 58. Rb7 Kc5 59. Rg7 Kb6 60. Rxg6 Rc1+ 61. Bc2 Re1 62. Bd3 Re5 63. Kd2 Rd5 64. Ke3 Kc7 65. Be4 Rc5 66. Rg7+ Kb6 67. Rg6 Kc7 68. Kd3 Nb4+ 69. Kd4 Ra5 70. Bb7 Kb8 71. Kc4 Nxa6 72. Bxa6 Kc7 73. Bb5 Ra1 74. Kc5 Rd1 75. Rg7+ Kd8 76. Bc4 Rd2 77. Bd5 Rd1 78. Kd6 Re1 79. Ra7 Rc1 80. Rd7+ Kc8 81. Rh7 Kb8 82. Rg7 Rc2 83. Bc6 Rd2+ 84. Kc5 Rc2+ 85. Kb6 Rb2+ 86. Bb5 Rc2 87. Re7 Rc8 88. Bc6 Rd8 89. Ra7 Rc8 90. Ra8# 1-0


[Site "https://www.chess.com"]

[Event "Titled Tuesday Blitz January 31 Early 2023"]
[White "Deac, Bogdan-Daniel"]
[Black "Wong, Yinn Long"]
[WhiteFideId "1226380"]
[BlackFideId "5707684"]
[WhiteElo "2700"]
[BlackElo "2371"]
[Result "1-0"]
[Round "05"]
[TimeControl "180+2"]
[Date "2023.01.31"]
[WhiteClock "0:00:04"]
[BlackClock "0:00:02"]

1. b3 c5 2. Bb2 Nc6 3. c4 d6 4. g3 e5 5. Bg2 f5 6. Nc3 Nf6 7. d3 Be7 8. e3 O-O 9. Nge2 Be6 10. Nd5 Rb8 11. Nec3 Kh8 12. O-O a6 13. f4 Qd7 14. Qe2 b5 15. Nxe7 Nxe7 16. Rad1 Qc7 17. h3 Bd7 18. fxe5 dxe5 19. e4 bxc4 20. dxc4 Nc6 21. exf5 Nd4 22. Qd3 Bc6 23. Ne4 Rbd8 24. Qb1 Nh5 25. Kh2 Qe7 26. Rde1 a5 27. Qd1 Nf6 28. Qb1 a4 29. Bc3 axb3 30. axb3 Rb8 31. Bxd4 cxd4 32. Qd3 Nd7 33. g4 Bxe4 34. Qxe4 Rxb3 35. Qd5 Rd8 36. c5 Nxc5 37. Rxe5 Rxd5 38. Rxe7 Rd8 39. Rc1 Nd3 40. Rcc7 Nf4 41. Be4 Rb2+ 42. Kg3 Ne2+ 43. Kh4 Rg8 44. f6 g5+ 45. Kh5 Ng3+ 46. Kh6 Rg6+ 47. Bxg6 1-0


[Site "https://www.chess.com"]

[Event "Titled Tuesday Blitz January 31 Early 2023"]
[White "Azarov, Sergei"]
[Black "Kollars, Dmitrij"]
[WhiteFideId "13501470"]
[BlackFideId "12909572"]
[WhiteElo "2582"]
[BlackElo "2607"]
[Result "0-1"]
[Round "05"]
[TimeControl "180+2"]
[Date "2023.01.31"]
[WhiteClock "0:00:01"]
[BlackClock "0:00:09"]

1. e4 e5 2. Nf3 Nc6 3. Bb5 a6 4. Ba4 Nf6 5. O-O Bc5 6. d3 b5 7. Bb3 d6 8. Bg5 h6 9. Bh4 Na5 10. Nc3 Nxb3 11. axb3 g5 12. Bg3 Bg4 13. Qe2 Nh5 14. Nd5 Nf4 15. Bxf4 gxf4 16. b4 Ba7 17. c4 c6 18. Nc3 Rg8 19. Kh1 Bd4 20. Qc2 Bxf3 21. gxf3 Qh4 22. Rg1 Kd7 23. Rxg8 Rxg8 24. Rg1 Rg5 25. Nd1 Qh3 26. Qe2 f6 27. Nc3 Ke7 28. Nd1 h5 29. Nc3 Kf7 30. Nd1 Kg6 31. Nc3 Qh4 32. Nd1 c5 33. bxc5 dxc5 34. Rg2 Qh3 35. Rg1 b4 36. b3 a5 37. Rxg5+ fxg5 38. Kg1 g4 39. fxg4 hxg4 0-1


[Site "https://www.chess.com"]

[Event "Titled Tuesday Blitz January 31 Early 2023"]
[White "Preotu, Razvan"]
[Black "Bortnyk, Olexandr"]
[WhiteFideId "2613280"]
[BlackFideId "14120828"]
[WhiteElo "2475"]
[BlackElo "2605"]
[Result "0-1"]
[Round "05"]
[TimeControl "180+2"]
[Date "2023.01.31"]
[WhiteClock "0:00:01"]
[BlackClock "0:00:19"]

1. e4 Nf6 2. e5 Nd5 3. d4 d6 4. c4 Nb6 5. f4 dxe5 6. fxe5 Bf5 7. Nc3 e6 8. Be3 Bb4 9. Nf3 c5 10. a3 cxd4 11. axb4 dxe3 12. Qxd8+ Kxd8 13. c5 Nd5 14. O-O-O Nc6 15. Nxd5 exd5 16. Rxd5+ Ke7 17. Nd4 Nxd4 18. Rxd4 Rhd8 19. Rd6 a5 20. b5 Rac8 21. c6 Rxd6 22. exd6+ Kxd6 23. Bc4 bxc6 24. b6 Rb8 25. Re1 Rxb6 26. Rxe3 Be6 27. Bxe6 fxe6 28. Rh3 h6 29. Rg3 Rb7 30. Kc2 e5 31. Ra3 Rf7 32. Rg3 Rf2+ 33. Kc3 g5 34. Rh3 Rxg2 35. Rxh6+ Kd5 36. b3 e4 37. Rh8 e3 38. Kd3 e2 39. Kd2 Kc5 40. Rg8 Rxh2 41. Rxg5+ Kb4 42. Rg6 Kxb3 43. Rxc6 a4 44. Rb6+ Ka2 45. Rb4 a3 46. Rb8 Ka1 47. Rb7 a2 48. Rb8 Rh1 49. Kxe2 Rb1 50. Ra8 Kb2 51. Rb8+ Kc3 0-1


[Site "https://www.chess.com"]

[Event "Titled Tuesday Blitz January 31 Early 2023"]
[White "Makhnev, Denis"]
[Black "Goltsev, Dmitry"]
[WhiteFideId "13707647"]
[BlackFideId "24176710"]
[WhiteElo "2483"]
[BlackElo "2269"]
[Result "1-0"]
[Round "05"]
[TimeControl "180+2"]
[Date "2023.01.31"]
[WhiteClock "0:00:06"]
[BlackClock "0:00:07"]

1. d4 Nf6 2. c4 e6 3. Nf3 d5 4. Nc3 dxc4 5. e3 c5 6. Bxc4 Nc6 7. O-O cxd4 8. exd4 Bd6 9. Bg5 Be7 10. Bxf6 Bxf6 11. d5 exd5 12. Re1+ Be6 13. Bxd5 O-O 14. Bxe6 fxe6 15. Qb3 Nd4 16. Nxd4 Bxd4 17. Qxe6+ Kh8 18. Re2 Bxf2+ 19. Rxf2 Rxf2 20. Kxf2 Qd4+ 21. Ke2 Qb4 22. Rb1 Rf8 23. Kd3 h6 24. Qe4 Qd6+ 25. Kc2 Rf2+ 26. Kb3 Qb6+ 27. Qb4 Qe6+ 28. Qc4 Qb6+ 29. Ka4 Rd2 30. Rd1 Rxg2 31. Qc8+ Kh7 32. Qf5+ Rg6 33. Rd2 Kh8 34. Re2 Qc6+ 35. Kb3 Rg5 36. Qe6 Qxe6+ 37. Rxe6 Rg2 38. Re2 Rg5 39. Re7 Kh7 40. Rxb7 Rh5 41. Rxa7 Rxh2 42. a4 Rf2 43. a5 h5 44. Rd7 h4 45. a6 h3 46. Rd3 h2 47. Rh3+ Kg6 48. a7 Rf8 49. Rxh2 Ra8 50. Nb5 Kf5 51. Rf2+ Ke5 52. Rf7 g5 53. Rb7 g4 54. Rb8 1-0


[Site "https://www.chess.com"]

[Event "Titled Tuesday Blitz January 31 Early 2023"]
[White "Lortkipanidze, Nodar"]
[Black "Bluebaum, Matthias"]
[WhiteFideId "13604058"]
[BlackFideId "24651516"]
[WhiteElo "2406"]
[BlackElo "2669"]
[Result "0-1"]
[Round "05"]
[TimeControl "180+2"]
[Date "2023.01.31"]
[WhiteClock "0:00:38"]
[BlackClock "0:00:08"]

1. e4 e6 2. d4 d5 3. Nc3 Nf6 4. exd5 exd5 5. Bd3 c5 6. dxc5 Bxc5 7. Nf3 h6 8. O-O O-O 9. h3 Nc6 10. a3 Re8 11. Bf4 a6 12. Re1 Be6 13. Na4 Ba7 14. b4 Nd7 15. Be3 Bxe3 16. Rxe3 Qf6 17. Rb1 b5 18. Nb2 Nb6 19. Bf1 Nc4 20. Nxc4 dxc4 21. Qe1 Red8 22. a4 Bf5 23. Rc1 Kh7 24. g4 Be6 25. Bg2 Bd5 26. Rd1 bxa4 27. c3 Kh8 28. Ra1 Na7 29. Rxa4 Nb5 30. Ra5 Bb7 31. h4 Qd6 32. g5 Qd1 33. Ra1 Qxe1+ 34. Raxe1 Kg8 35. gxh6 gxh6 36. Ne5 Bxg2 37. Kxg2 Rac8 38. Rg3+ Kf8 39. Re4 Nd6 40. Rf4 Ke7 41. Re3 Kf8 42. Rf6 Kg7 43. Ref3 Rc7 44. Ng4 Ne4 45. Rxh6 Rd3 46. Rxa6 Rxf3 47. Kxf3 Nxc3 48. Ne3 Nb5 49. Ra5 Nd4+ 50. Ke4 Nb3 51. Ra3 Nd2+ 52. Kd4 Rd7+ 53. Kc5 Rc7+ 54. Kd6 Rc8 55. b5 c3 56. b6 c2 57. Nxc2 Nc4+ 58. Kd7 Nxb6+ 59. Kd6 Rxc2 60. Rg3+ Kf8 61. Rg2 Rc4 62. Rh2 Rf4 63. Ke5 Ra4 64. h5 Nd7+ 65. Kf5 Ra5+ 66. Kf4 Nf6 67. f3 Ra4+ 68. Kg5 Nh7+ 69. Kh6 Kg8 70. Rc2 Ra6+ 71. Rc6 Rxc6# 0-1


[Site "https://www.chess.com"]

[Event "Titled Tuesday Blitz January 31 Early 2023"]
[White "Terry, Renato"]
[Black "Costachi, Mihnea"]
[WhiteFideId "3803457"]
[BlackFideId "1217518"]
[WhiteElo "2520"]
[BlackElo "2476"]
[Result "1-0"]
[Round "05"]
[TimeControl "180+2"]
[Date "2023.01.31"]
[WhiteClock "0:00:04"]
[BlackClock "0:00:01"]

1. d4 d5 2. Nf3 Nf6 3. c4 e6 4. e3 c5 5. dxc5 Bxc5 6. a3 O-O 7. b4 Bb6 8. Bb2 a5 9. Nbd2 Nc6 10. c5 Bc7 11. b5 Ne7 12. Bd3 Ng6 13. O-O Qe7 14. a4 e5 15. Be2 Rd8 16. Rc1 Bf5 17. Re1 h5 18. c6 bxc6 19. Rxc6 Rac8 20. Qb3 Bd7 21. Rcc1 Bd6 22. Rxc8 Rxc8 23. Rc1 Rxc1+ 24. Bxc1 Bb4 25. Nf1 h4 26. h3 Be6 27. Qc2 Ne4 28. Bd3 Bf5 29. Bb2 f6 30. N1d2 Nxd2 31. Bxf5 Nxf3+ 32. gxf3 Nf8 33. b6 Bc5 34. Qb3 Qb7 35. Bc3 g6 36. Be4 Qxb6 37. Qxd5+ Kg7 38. Kg2 Bb4 39. Ba1 Qe6 40. Qb5 Qd7 41. Qc4 Qxa4 42. Bb2 Qd7 43. Bd5 Qf5 44. Qc7+ Qd7 45. Qc4 Qf5 46. Be4 Qe6 47. Qc2 Qd6 48. Qc4 Ne6 49. Qb5 Ng5 50. Bd5 Kh6 51. Qb7 Qe7 52. Qc6 Qd8 53. f4 exf4 54. Bxf6 Qf8 55. exf4 Nh7 56. Be5 Qf5 57. Be4 Qf7 58. f5 Ng5 59. Bf4 1-0


[Site "https://www.chess.com"]

[Event "Titled Tuesday Blitz January 31 Early 2023"]
[White "Shimanov, Aleksandr"]
[Black "Kosteniuk, Alexandra"]
[WhiteFideId "4198603"]
[BlackFideId "4128125"]
[WhiteElo "2581"]
[BlackElo "2535"]
[Result "1-0"]
[Round "05"]
[TimeControl "180+2"]
[Date "2023.01.31"]
[WhiteClock "0:01:36"]
[BlackClock "0:00:18"]

1. e4 e5 2. Nf3 Nf6 3. Nc3 Nc6 4. h3 g6 5. d4 exd4 6. Nxd4 Bg7 7. Nxc6 bxc6 8. Bd3 O-O 9. O-O d6 10. Bg5 h6 11. Be3 Nd7 12. Qd2 Kh7 13. Rad1 Rb8 14. b3 c5 15. f4 Bb7 16. e5 d5 17. Na4 d4 18. Bf2 Qe7 19. c3 Qe6 20. cxd4 Qd5 21. Bg3 cxd4 22. Bc4 Qc6 23. Rc1 Qe4 24. Rfe1 Qf5 25. Qxd4 Nb6 26. Bd3 Qc8 27. Nc5 Rd8 28. Qf2 Bd5 29. f5 Rf8 30. e6 fxe6 31. fxg6+ Kg8 32. Qe3 Nd7 33. Nxe6 Re8 34. Rxc7 Rxe6 35. Rxc8+ Rxc8 36. Qxa7 Rxe1+ 37. Bxe1 Rc1 38. Qxd7 Rxe1+ 39. Kf2 Re5 40. Bc4 Bxc4 41. bxc4 1-0


[Site "https://www.chess.com"]

[Event "Titled Tuesday Blitz January 31 Early 2023"]
[White "Lenderman, Aleksandr"]
[Black "Bilych, Olexiy"]
[WhiteFideId "2021285"]
[BlackFideId "14156504"]
[WhiteElo "2572"]
[BlackElo "2441"]
[Result "1-0"]
[Round "05"]
[TimeControl "180+2"]
[Date "2023.01.31"]
[WhiteClock "0:00:04"]
[BlackClock "0:00:08"]

1. Nf3 d5 2. e3 Nf6 3. c4 e6 4. d4 Be7 5. Nc3 O-O 6. b3 c5 7. dxc5 Bxc5 8. Bb2 Nc6 9. cxd5 exd5 10. Be2 d4 11. exd4 Nxd4 12. O-O Nxe2+ 13. Qxe2 Re8 14. Qc4 Bb6 15. Ng5 Qc7 16. Qd3 Rd8 17. Qb1 Qf4 18. Qc1 Qxc1 19. Raxc1 Rd2 20. Na4 Bf5 21. Nf3 Rd7 22. Nxb6 axb6 23. a3 Be6 24. b4 Rad8 25. h3 h6 26. Bxf6 gxf6 27. Rc3 b5 28. Rfc1 Bc4 29. Re3 Kg7 30. Rcc3 Rd1+ 31. Kh2 Ra1 32. Nh4 Rd5 33. Rg3+ Rg5 34. Nf5+ Kg6 35. Nd6 Ra2 36. f4 Rxg3 37. Rxg3+ Kh7 38. Ne4 h5 39. Nxf6+ Kh6 40. Ng8+ Kh7 41. Nf6+ Kh6 42. h4 Rf2 43. Ng8+ Kh7 44. Nf6+ Kh6 45. Ng8+ Kh7 46. Rg5 Rxf4 47. Kg3 Rf1 48. Ne7 Be6 49. Rxh5+ Kg7 50. Rxb5 Kf6 51. Nd5+ Ke5 52. Nf4+ Ke4 53. Nxe6 fxe6 54. Rxb7 e5 55. Re7 Ra1 56. h5 Rxa3+ 57. Kh4 Kf5 58. Rf7+ Ke6 59. Rf1 Rb3 60. g4 Rxb4 61. h6 e4 62. h7 Rb8 63. g5 e3 64. g6 e2 65. Re1 Kf6 66. Kh5 Kg7 67. Rxe2 Rb5+ 68. Kg4 Rb8 69. Kf5 Rb7 70. Re5 Ra7 71. Kg5 Rb7 72. Rf5 Ra7 73. Rf7+ Kh8 74. Rf8+ 1-0


[Site "https://www.chess.com"]